AoeStats
← murazar

Pilgrims

508788415Analyzed
2v2 RM · 8d ago on Sep 24, 2026· 52m 49s· 4 players
Game mode
Random Map
Map size
Medium (4 player)
Population
200
Speed
Normal
Resources
Standard
Victory
Conquest
Starting age
Dark Age
Ending age
Imperial Age
RankedLock teamsTeams togetherTeam positionsShared explorationLock speedFull tech treeHidden civsTurbo modeCheats
Victory
Defeat
🇵🇪 Mongols · Peru
1140
+13
🇲🇽 Italians · Mexico
1100
+15
🇺🇸 Danes · United States
1075
-14
🇺🇸 Sicilians · United States
1074
-14
Kiko10200
4:59 Loom
12:00 Feudal Age
12:30 Double-Bit Axe
12:27 Fishing Lines
16:29 Castle Age
15:39 Fletching
18:00 Bodkin Arrow
18:33 Bow Saw
18:28 Padded Archer Armor
20:18 Stone Mining
21:35 Wheelbarrow
21:12 Gillnets
21:33 Medium Warships
22:21 Clinker Construction
22:34 Gold Mining
24:01 Ballistics
24:18 Town Watch
26:17 Leather Archer Armor
26:14 Forging
28:34 Hand Cart
29:17 Careening
30:53 Horse Collar
35:47 Imperial Age
35:06 Siphons
37:22 Bracer
37:57 Heavy Warships
37:56 Town Patrol
40:33 Chemistry
41:23 Shipwright
43:39 Conscription
45:33 Ring Archer Armor
47:24 Two-Man Saw
47:21 Masonry
EL CHANCHO 3026
5:02 Loom
11:25 Feudal Age
17:00 Castle Age
15:37 Town Watch
16:29 Wheelbarrow
16:10 Double-Bit Axe
17:05 Fletching
17:16 Padded Archer Armor
17:50 Fishing Lines
21:49 Bodkin Arrow
23:04 Bow Saw
25:35 Husbandry
31:03 Padded Archer Armor
33:31 Gillnets
35:11 Bloodlines
41:45 Imperial Age
39:37 Man-at-Arms
42:54 Conscription
43:51 Medium Warships
45:28 Chemistry
44:49 Ballistics
46:10 Bracer
48:08 Leather Archer Armor
48:45 Gold Mining
48:45 Stone Mining
49:07 Squires
49:05 Light Cavalry
51:01 Scale Barding Armor
51:06 Forging
52:09 Gold Shaft Mining
52:10 Stone Shaft Mining
51:18 Horse Collar
53:01 Chain Barding Armor
Keltscheesegrater
3:14 Loom
11:08 Feudal Age
13:29 Double-Bit Axe
15:03 Wheelbarrow
14:45 Gold Mining
17:02 Fletching
19:50 Castle Age
17:48 Fishing Lines
20:34 Stone Mining
20:57 Bow Saw
21:38 Bodkin Arrow
23:39 Horse Collar
25:27 Squires
26:40 Scale Mail Armor
26:50 Forging
28:44 Chain Mail Armor
31:50 Hand Cart
33:12 Gillnets
33:44 Town Watch
34:21 Clinker Construction
39:56 Imperial Age
38:14 Masonry
38:25 Ballistics
39:32 Murder Holes
40:59 Conscription
42:31 Onager
45:35 Siege Onager
murazar
12:35 Feudal Age
19:53 Castle Age
18:25 Loom
22:21 Padded Archer Armor
27:35 Forging
36:22 Double-Bit Axe
41:04 Wheelbarrow
40:17 Fishing Lines
44:56 Squires
44:21 Pikeman
48:56 Gambesons
50:17 Iron Casting
Connection lost

Rejoining the realm…

Still unreachable

The connection could not be restored.

Session expired

The server has moved on; the page needs a fresh start.